 Dungeon Crawl Stone Soup version 0.21.1-1-g345015f (webtiles) character file.

46 realspace3 the Charmwright (level 3, -2/24 HPs)
             Began as a Halfling Skald on June 4, 2018.
             Killed by divine providence
             ... invoked by an orc priest
              (15 damage)
             ... on level 3 of the Dungeon.
             The game lasted 00:29:57 (2424 turns).

realspace3 the Charmwright (Halfling Skald)         Turns: 2424, Time: 00:29:58

Health: -2/24      AC:  4    Str: 13    XL:     3   Next: 95%
Magic:  4/5        EV: 14    Int: 11    God:
Gold:   95         SH:  0    Dex: 13    Spells: 4/5 levels left

rFire    . . .     SeeInvis .   a - +0 falchion
rCold    . . .     Gourm    .   (shield restricted)
rNeg     . . .     Faith    .   y - +0 leather armour
rPois    .         Spirit   .   (no helmet)
rElec    .         Reflect  .   (no cloak)
rCorr    .         Harm     .   s - +0 pair of gloves
MR       .....                  (no boots)
Stlth    +.........             (no amulet)
HPRegen  0.08/turn              (no ring)
MPRegen  0.09/turn              (no ring)

@: no status effects
A: small, mutation resistance 1
a: no special abilities


You were on level 3 of the Dungeon.
You were not hungry.

You visited 1 branch of the dungeon, and saw 3 of its levels.

You collected 95 gold pieces.

Inventory:

Hand Weapons
 a - a +0 falchion (weapon)
 b - a +0 dagger
 i - a +0 club
 k - a +0 hand axe
 l - a +0 whip of venom
 p - a +0 spear
 q - a +0 whip
 r - a +0 club
 u - a +0 dagger
 x - a +0 club
 z - a +0 club
 A - a +0 flail
Missiles
 j - 82 stones (quivered)
Armour
 s - a +0 pair of gloves (worn)
 y - a +0 leather armour (worn)
Scrolls
 e - 2 scrolls of teleportation {unknown}
 f - a scroll of fog {unknown}
 g - 2 scrolls of amnesia {unknown}
 h - 2 scrolls of blinking {unknown}
 n - 3 scrolls of identify {unknown}
Potions
 m - 2 potions of curing {unknown}
 o - 2 potions of lignification {unknown}
 v - a potion of heal wounds {unknown}
 w - a potion of degeneration {unknown}
 B - 2 potions of resistance {unknown}
Books
 c - a book of Battle

   Spells                             Type                      Level
   a - Infusion                       Charms                       1
   b - Shroud of Golubria             Charms/Translocation         2
   c - Song of Slaying                Charms                       2
   d - Spectral Weapon                Hexes/Charms                 3
   e - Regeneration                   Charms/Necromancy            3
Comestibles
 d - 5 rations


   Skills:
 + Level 2.1 Fighting
 + Level 2.2 Long Blades
 + Level 2.0 Armour
 + Level 2.5 Dodging
 + Level 1.8 Spellcasting
 + Level 3.8 Charms


You had 4 spell levels left.
You knew the following spells:

 Your Spells              Type           Power        Failure   Level  Hunger
a - Infusion              Chrm           #...         8%          1    ##.....


Dungeon Overview and Level Annotations

Branches:
Dungeon (3/15)

Altars:
Uskayaw
Xom


Innate Abilities, Weirdness & Mutations

You are small and have problems with some larger weapons.
You are somewhat resistant to further mutation.


Message History

You kill the orc!
Your leather armour prevents you from hitting the orc.
The orc misses you.
You riposte.
You slash the orc!
You kill the orc!
You slash the orc!
You kill the orc!
The orc priest barely misses you.
You hit the orc priest.
The orc priest is moderately wounded.
The orc priest hits you with a hand axe.
You barely miss the orc priest.
The orc priest is moderately wounded.
The orc priest hits you with a hand axe!
You are too injured to fight recklessly!
You are too injured to fight recklessly!
You are too injured to fight recklessly!
The orc priest invokes the aid of Beogh against you.
Beogh smites you!
Ouch! That really hurt!
You die...

.. #####.# #.# ...(..
#.# #....####.. .....
... #..###.###
#........ #
#.###.###.# #..##@#
#.#
##########..##.#...
#.......##..##o#.#
#.......##..##...#
#.......##...#.###
#.......##.#.#)#
#..............#
######.........######
#...............


You could see an orc priest.

Vanquished Creatures
  An ooze (D:3)
  A worm (D:2)
  A leopard gecko (D:2)
  4 orcs
  3 goblins
  2 hobgoblins
  A kobold (D:1)
  A quokka (D:2)
  3 ball pythons (D:2)
  10 bats
  3 frilled lizards
  5 rats
35 creatures vanquished.

Notes
Turn   | Place    | Note
-------+----------+-------------------------------------------
     0 | D:1      | realspace3 the Halfling Skald began the quest for the Orb.
     0 | D:1      | Reached XP level 1. HP: 14/14 MP: 3/3
   328 | D:1      | Reached XP level 2. HP: 12/19 MP: 4/4
  1636 | D:2      | Found a hide-covered altar of Uskayaw.
  1723 | D:2      | Found a shimmering altar of Xom.
  1827 | D:2      | Reached XP level 3. HP: 22/24 MP: 5/5
  2424 | D:3      | Killed from afar by an orc priest

Skill      XL: |  1  2  3 |
---------------+----------+-----
Fighting       | 2 |  2.1
Armour         | 2 |  2.0
Long Blades    | |  2.2
Dodging        | |  2.5
Spellcasting   | |  1.8
Charms         | |  3.8

Action                   || total
-------------------------++-------
Melee: Falchion          ||   105
 Cast: Infusion          ||    11
  Eat: Ration            ||     1
       Chunk             ||     2
Armor: Leather armour    ||    24
Dodge: Dodged            ||    77
       Rpst.: Falchion   ||    23
